 Dungeon Crawl Stone Soup version 0.25.0-26-g0c896c7088 (webtiles) character file.

Game seed: 11920799539801135524

84 Ethylacetat the Stinger (level 4, -3/36 HPs)
             Began as a Naga Venom Mage on July 4, 2020.
             Slain by a gnoll (8 damage)
             ... on level 3 of the Dungeon.
             The game lasted 00:06:17 (1419 turns).

Ethylacetat the Stinger (Naga Venom Mage)           Turns: 1419, Time: 00:06:17

Health: -3/36      AC:  2    Str: 11    XL:     4   Next: 46%
Magic:  2/7        EV: 10    Int: 15    God:
Gold:   41         SH:  0    Dex: 12    Spells: 7/8 levels left

rFire    . . .     SeeInvis +   f - +2 short sword (flame)
rCold    . . .     Gourm    .   (no shield)
rNeg     . . .     Faith    .   a - +0 robe
rPois    +         Spirit   .   (no helmet)
rElec    .         Reflect  .   (no cloak)
rCorr    .         Harm     .   (no gloves)
MR       .....                  (no barding)
Stlth    ++........             (no amulet)
HPRegen  0.12/turn              (no ring)
MPRegen  0.10/turn              (no ring)

@: short of breath, very slightly contaminated, very slow
A: large, see invisible, deformed body, poison resistance, slowness 2, slow
metabolism 1, spit poison 1, AC +1
a: Spit Poison


You were on level 3 of the Dungeon.
You were not hungry.

You visited 1 branch of the dungeon, and saw 3 of its levels.

You collected 41 gold pieces.

Inventory:

Hand Weapons
 f - a +2 short sword of flaming (weapon)
Armour
 a - a +0 robe (worn)
Jewellery
 h - an uncursed ring of see invisible {unknown}
Scrolls
 d - a scroll of noise {unknown}
 g - a scroll of immolation {unknown}
 i - 4 scrolls of fear {unknown}
 j - a scroll of teleportation {unknown}
 k - a scroll of remove curse {unknown}
 l - a scroll of identify {unknown}
 m - a scroll of amnesia {unknown}
Potions
 b - a potion of heal wounds {unknown}
 e - a potion of curing {unknown}
Comestibles
 c - 3 rations


   Skills:
 - Level 1.5 Dodging
 - Level 3.0 Stealth
 + Level 2.5 Spellcasting
 * Level 2.6 Transmutations
 * Level 5.3 Poison Magic


You had 7 spell levels left.
You knew the following spells:

 Your Spells              Type           Power        Failure   Level  Hunger
a - Sting                 Tmut/Pois      ##..         4%          1    #......

Your spell library contained the following spells:

 Spells                   Type           Power        Failure   Level  Hunger
 Poisonous Vapours        Pois/Air       #.....       11%         2    ###....
 Ignite Poison            Fire/Tmut/Pois #.......     22%         3    ###....
 Olgreb's Toxic Radiance  Pois           ###.....     24%         4    #####..
 Mephitic Cloud           Conj/Pois/Air  #.......     30%         3    ###....


Dungeon Overview and Level Annotations

Branches:
Dungeon (3/15)

Altars:
Vehumet


Innate Abilities, Weirdness & Mutations

You cannot wear boots.
Your serpentine skin is tough. (AC +1)
You have supernaturally acute eyesight. (SInv)
Armour fits poorly on your strangely shaped body.
Your system is resistant to poisons. (rPois)
You cover ground very slowly.
You have a slow metabolism.
You can spit poison.


Message History

Aim: a gnoll (lightly wounded, poisoned)
The sting hits the gnoll.
The gnoll looks even sicker.
The gnoll is moderately wounded.
The gnoll hits you.
* * * LOW HITPOINT WARNING * * *
Casting: Sting (safe; 4% risk of failure)
Confirm with . or Enter, or press ? or * to list all spells.
Aiming: Sting (safe; 4% risk of failure)
Press: ? - help, Shift-Dir - straight line, f/p - gnoll
Aim: a gnoll (moderately wounded, very poisoned)
The sting misses the gnoll.
The sting hits the gnoll.
The gnoll is poisoned.
The gnoll is lightly wounded.
The gnoll hits you.
* * * LOW HITPOINT WARNING * * *
Press: ? - help, Shift-Dir - straight line, f/p - gnoll
Aim: a gnoll (heavily wounded, very poisoned)
The splash of poison hits the gnoll.
The gnoll looks even sicker.
The gnoll is almost dead.
You feel slightly more hungry. The gnoll hits you!
You die...

# #. #.# ... #g#######
#g..#...# #####.#...#
#..@gg#...# #.#####...# #
#.# #...##.#..
#######.#####......P..
#...............#.....
#...............#.....
#......<........##.#..
########................#.#
. #.......................#


You could see 2 gnolls.

Vanquished Creatures
  Natasha (D:2)
  A gnoll (D:3)
  An adder (D:3)
  An ooze (D:2)
  2 leopard geckos
  A ball python (D:2)
  A giant cockroach (D:1)
  5 goblins
  5 hobgoblins (D:1)
  3 bats
  8 kobolds
  5 rats
34 creatures vanquished.

Notes
Turn   | Place    | Note
-------+----------+-------------------------------------------
     0 | D:1      | Ethylacetat the Naga Venom Mage began the quest for the
                  | Orb.
     0 | D:1      | Reached XP level 1. HP: 15/15 MP: 3/3
   297 | D:1      | Reached XP level 2. HP: 22/22 MP: 3/5
   714 | D:1      | Reached XP level 3. HP: 22/28 MP: 1/6
   837 | D:2      | Found a radiant altar of Vehumet.
  1104 | D:2      | Noticed Natasha
  1110 | D:2      | Killed Natasha
  1110 | D:2      | Reached skill level 5 in Poison Magic
  1110 | D:2      | Reached XP level 4. HP: 26/36 MP: 4/7
  1419 | D:3      | Slain by a gnoll

Illustrated notes

Levels and vault maps discovered:
D:1:      dpeg_arrival_connections, layout_basic, chequers_mini_garden
D:2:      layout_basic, overflow_temple_1_default, first_ration,
          chequers_ecumenical_altar_twisty, uniq_natasha
D:3:      cheibrodos_old_hovel, layout_basic, minmay_tree_intersection,
          kennysheep_slug_shrine

Skill      XL: |  1  2  3 |
---------------+----------+-----
Transmutations | 2 |  2.6
Poison Magic   | 5 |  5.3
Dodging        | |  1.5
Stealth        | |  3.0
Spellcasting   | |  2.5

Action                   |  1- 3 |  4- 6 || total
-------------------------+-------+-------++-------
Melee: Unarmed           |     4 |       ||     4
       Short sword       |    31 |    11 ||    42
 Cast: Sting             |    15 |     7 ||    22
 Abil: Spit Poison       |    13 |     8 ||    21
  Eat: Chunk             |     1 |     1 ||     2
Armor: Robe              |     6 |     5 ||    11
Dodge: Dodged            |    26 |     4 ||    30
